 Dungeon Crawl Stone Soup version 0.27-a0-765-ge4d627daa3 (webtiles) character file.

Game seed: 17323038166097179960

473 rageheart7 the Slasher (level 6, -15/53 HPs)
             Began as a Palentonga Fighter on Mar 24, 2021.
             Killed by an exploding hobgoblin zombie (24 damage)
             ... ignited by their inner flame
             ... in an ossuary.
             The game lasted 00:05:32 (4024 turns).

rageheart7 the Slasher (Palentonga Fighter)         Turns: 4024, Time: 00:05:34

Health: -15/53     AC: 15    Str: 21    XL:     6   Next: 83%
Magic:  6/6        EV:  4    Int:  8    God:
Gold:   216        SH:  8    Dex: 10    Spells: 5/5 levels left

rFire    . . .     SeeInvis +   a - +0 long sword
rCold    . . .     Faith    .   c - +0 kite shield
rNeg     . . .     Spirit   .   o - +0 ring mail
rPois    .         Reflect  .   i - +0 hat
rElec    .         Harm     .   b - +2 cloak
rCorr    .         Rampage  .   (no gloves)
Will     .....                  m - +2 barding
Stlth    ..........             (no amulet)
HPRegen  0.17/turn              (no ring)
MPRegen  0.10/turn              (no ring)

@: no status effects
A: large, rugged brown scales 3, see invisible, deformed body, roll 1, armoured
tail
a: Rolling Charge


You were in an ossuary.
You visited 1 branch of the dungeon, and saw 5 of its levels.
You also visited: Ossuary.

You collected 216 gold pieces.

Inventory:

Hand Weapons
 a - a +0 long sword (weapon)
Armour
 b - a +2 cloak (worn)
 c - a +0 kite shield (worn)
 i - a +0 hat (worn)
 m - a +2 barding (worn)
 o - a +0 ring mail (worn)
Wands
 e - a wand of iceblast (3)
Scrolls
 d - a scroll of magic mapping
 f - a scroll of teleportation
 n - 2 scrolls of immolation
Potions
 g - a potion of brilliance
 h - a potion of magic
 j - a potion of cancellation {unknown}
 p - a potion of haste


   Skills:
 * Level 4.8 Fighting
 * Level 6.3 Long Blades
 - Level 2.4 Armour
 - Level 2.4 Shields


You had 5 spell levels left.
You didn't know any spells.
Your spell library was empty.

Dungeon Overview and Level Annotations

Branches:
Dungeon (5/15)            Ossuary (1/1)
 Temple: D:4-7

Altars:
Gozag
Qazlal

Shops:
D:3 ?


Innate Abilities, Weirdness & Mutations

You are completely covered in rugged brown scales. (AC +3, +7% HP)
You have supernaturally acute eyesight. (SInv)
Armour fits poorly on your strangely shaped body.
You can roll at nearby foes to attack.
You have a long armoured tail.


Message History

The kobold zombie hits you but does no damage.
You hit the mummy. You tail-slap the mummy.
The mummy is moderately damaged.
The hobgoblin zombie hits you. The mummy hits you but does no damage.
The kobold zombie hits you but does no damage.
You are too injured to fight recklessly!
You are too injured to fight recklessly!
You are too injured to fight recklessly!
You are too injured to fight recklessly!
You are too injured to fight recklessly!
You are too injured to fight recklessly!
You are too injured to fight recklessly!
You are too injured to fight recklessly!
You are too injured to fight recklessly!
You are too injured to fight recklessly!
You are too injured to fight recklessly!
You are too injured to fight recklessly!
You are too injured to fight recklessly!
You hit the mummy.
The mummy is heavily damaged.
The hobgoblin zombie hits you but does no damage.
The mummy barely misses you. The mummy hits you!
* * * LOW HITPOINT WARNING * * *
You block the mummy's attack.
The kobold zombie hits you but does no damage.
You block the hobgoblin zombie's attack.
Really read the scroll of immolation?
As you read the scroll of immolation, it crumbles to dust.
The creatures around you are filled with an inner flame!
You block the mummy's attack. The mummy barely misses you. The mummy hits you.
* * * LOW HITPOINT WARNING * * *
The kobold zombie hits you but does no damage.
You hit the hobgoblin zombie.
Flame seeps out of the hobgoblin zombie.
The hobgoblin zombie is lightly damaged.
The hobgoblin zombie is engulfed in blazing flames.
The hobgoblin zombie explodes!
The fiery explosion engulfs the hobgoblin zombie!!
The fiery explosion engulfs you!!
You die...

..... ##..## ..
.....##....##..
...............
.............
............
#.Z§§§...#
#ZM○§..# #@MZ.#
#.M..# #....#
#....# #....#
#....# #....#
#....# #.∩∩.#


You could see 3 mummies, a hobgoblin zombie (inner flame) and 2 kobold zombies.

Vanquished Creatures
  A black bear (D:4)
  A phantom (D:4)
  A howler monkey (D:4)
  2 orc priests (D:5)
  2 orc wizards
  A mummy (Ossuary)
  6 adders
  A worm (D:4)
  4 orcs
  5 endoplasms
  3 giant cockroaches
  14 goblins
  8 hobgoblins
  10 jackals
  4 quokkas
  8 ball pythons
  5 bats
  2 frilled lizards (D:2)
  2 hobgoblin zombies (Ossuary)
  5 kobolds
  A kobold zombie (Ossuary)
  An orc zombie (Ossuary)
  5 rats
92 creatures vanquished.

Notes
Turn   | Place    | Note
-------+----------+-------------------------------------------
     0 | D:1      | rageheart7 the Palentonga Fighter began the quest for the
                  | Orb.
     0 | D:1      | Reached XP level 1. HP: 19/19 MP: 1/1
   343 | D:1      | Reached XP level 2. HP: 24/25 MP: 2/2
  1277 | D:2      | Reached XP level 3. HP: 12/32 MP: 3/3
  1764 | D:2      | Reached skill level 3 in Long Blades
  2038 | D:2      | Reached XP level 4. HP: 39/39 MP: 4/4
  2229 | D:3      | Noticed an earth elemental
  2352 | D:3      | Noticed an air elemental
  2354 | D:3      | Found a stormy altar of Qazlal.
  2356 | D:3      | Noticed a fire elemental
  2356 | D:3      | Noticed a water elemental
  2511 | D:3      | Found Ohawudif's Magic Scroll Shoppe.
  2590 | D:3      | Reached skill level 4 in Long Blades
  3115 | D:4      | Noticed a black bear
  3139 | D:4      | Killed a black bear
  3140 | D:4      | Reached skill level 5 in Long Blades
  3140 | D:4      | Reached XP level 5. HP: 41/46 MP: 5/5
  3217 | D:4      | Reached XP level 6. HP: 50/52 MP: 6/6
  3760 | D:4      | Found an opulent altar of Gozag.
  3927 | D:5      | Entered Level 5 of the Dungeon
  3965 | D:5      | Reached skill level 6 in Long Blades
  3983 | D:5      | Found a sand-covered staircase.
  3992 | Ossuary  | Entered an ossuary
  4024 | Ossuary  | Killed by an exploding hobgoblin zombie... ignited by their
                  | inner flame

Illustrated notes

Levels and vault maps discovered:
D:1:      lemuel_arrival_river_ford, layout_basic, palyth_stone_intersect,
          chequers_serial_rivers_micro_c
D:2:      minmay_inner_zag, layout_rooms, minmay_distorted
D:3:      layout_loops_cross, nicolae_qazlal_style_of_elements, serial_shops,
          shop, st_stairs_3
D:4:      layout_loops_ring, nicolae_gozag_cash_rules_everything_around_me
D:5:      layout_rooms, tgw_sif, nzn_wu_jian_council_hall, enter_ossuary_3,
          basic_altar, kennysheep_diamond, serial_bayou_pond_a,
          serial_bayou_ford_a, solitary_fountain, uniq_ijyb,
          uniq_crazy_yiuf_cottage
Ossuary:  ossuary_tomb_3

Skill      XL: |  1  2  3  4  5  6 |
---------------+-------------------+-----
Long Blades    | 3 5 6 |  6.3
Fighting       | 4 |  4.8
Armour         | |  2.4
Shields        | |  2.4

Action                   |  1- 3 |  4- 6 || total
-------------------------+-------+-------++-------
Melee: Long sword        |   109 |   160 ||   269
       Tailslap          |    11 |    18 ||    29
  Use: Potion            |     4 |     4 ||     8
       Scroll            |       |    12 ||    12
Armor: Scale mail        |    83 |       ||    83
       Ring mail         |       |   106 ||   106
Dodge: Dodged            |    24 |    30 ||    54
Block: Kite shield       |    62 |    78 ||   140
       Rpst.: Long sword |     7 |     5 ||    12

Table legend: (Time is in decaauts)
 A = Elapsed time spent in this place.
 B = Non-inter-level travel time spent in this place.
 C = Inter-level travel time spent in this place.
 D = Time resting spent in this place.
 E = Time spent auto-exploring this place.
 F = Levels seen in this place.
 G = Mean time per level.
                   A        B        C        D        E       F      G
               +--------+--------+--------+--------+--------+-----+--------+
         Total |   4105 |   3948 |    157 |      3 |   3254 |   6 |  684.2 |
       Dungeon |   4072 |   3915 |    157 |      3 |   3245 |   5 |  814.4 |
       Ossuary |     32 |     32 |      0 |      0 |      8 |   1 |   32.0 |
               +--------+--------+--------+--------+--------+-----+--------+

Top non-repeatable levels by time:
     D:1: 1230 daAuts
     D:2: 1039 daAuts
     D:3: 905 daAuts
     D:4: 840 daAuts
     D:5: 56 daAuts
 Ossuary: 32 daAuts
